 Dungeon Crawl Stone Soup version 0.27.0-1-g7a089689b8 (webtiles) character file.

Game seed: 8567691864339340775

6275 Sobieck the Grappler (level 10, -2/83 HPs)
             Began as a Ghoul Fighter on Aug 4, 2021.
             Was a High Priest of Makhleb.
             Slain by a death knight (13 damage)
             ... on level 7 of the Dungeon.
             The game lasted 00:24:03 (7151 turns).

Sobieck the Grappler (Ghoul Fighter)                Turns: 7151, Time: 00:24:04

Health: -2/83      AC: 13    Str: 34    XL:     10   Next: 94%
Magic:  10/10      EV:  9    Int:  5    God:    Makhleb [*****.]
Gold:   341        SH:  5    Dex:  8    Spells: 9/9 levels left

rFire    . . .     SeeInvis .     - Unarmed
rCold    + . .     Faith    .   j - +0 buckler
rNeg     + + +     Spirit   .   f - +0 plate armour
rPois    ∞         Reflect  .   (no helmet)
rElec    .         Harm     .   e - +0 cloak
rCorr    .         Rampage  .   (no gloves)
Will     .....                  (no boots)
Stlth    ..........             (no amulet)
HPRegen  0.00/turn              h - +6 ring of strength
MPRegen  0.12/turn              s - +6 ring of strength

@: inhibited regen
A: claws 1, cold resistance 1, negative energy resistance 3, inhibited
regeneration, torment resistance 2
a: Renounce Religion, Minor Destruction, Lesser Servant of Makhleb, Major
Destruction, Greater Servant of Makhleb


You were on level 7 of the Dungeon.
You worshipped Makhleb.
Makhleb was extremely pleased with you.
You visited 1 branch of the dungeon, and saw 9 of its levels.
You also visited: Sewer.

You collected 341 gold pieces.


Innate Abilities, Weirdness & Mutations

You thrive by killing the living.
You are immune to poison.
You have sharp fingernails.
Your flesh is cold resistant. (rC+)
You are immune to negative energy. (rN+++)
You do not regenerate when monsters are visible.
You are immune to unholy pain and torment.


   Skills:
 + Level 5.8 Fighting
 - Level 5.0 Armour
 - Level 5.0 Dodging
 + Level 7.4 Shields
 + Level 12.2 Unarmed Combat
 + Level 2.5 Invocations


You had 9 spell levels left.
You didn't know any spells.
Your spell library contained the following spells:

 Spells                   Type           Power      Damage    Failure   Level
 Magic Dart               Conj           0%         1d3       99%         1
 Conjure Flame            Conj/Fire      0%         6-21      100%        3
 Ignite Poison            Fire/Tmut/Pois 0%         N/A       100%        3
 Sticky Flame             Conj/Fire      0%         2d3       100%        4

Inventory:

Hand Weapons
 b - a +0 hunting sling {sling}
   (You found it on level 1 of the Dungeon)
 q - a +5 war axe of freezing {axe}
   (You took it off a wight on level 7 of the Dungeon)
 r - a +3 dagger {short}
   (You took it off an orc wizard on level 7 of the Dungeon)
 J - the +9 dagger of the Silent Majority {freeze, Str+5, short}
   (You found it on level 5 of the Dungeon)

   It freezes those it strikes, dealing additional cold damage.
   It can also slow down cold-blooded creatures.
   Str:       It affects your strength (+5).
 K - a +0 morningstar of protection {mace}
   (You took it off a gargoyle on level 7 of the Dungeon)
 L - a +0 hand crossbow {crossbow}
   (You took it off a kobold in a sewer)
 W - a +0 morningstar of protection {mace}
   (You took it off an orc priest on level 7 of the Dungeon)
Missiles
 o - 144 stones (quivered) {throwing}
 p - 3 throwing nets {=f!fthrowing}
 u - 8 boomerangs of dispersal {=f!fthrowing}
 v - 29 poisoned darts {throwing}
 x - 101 bolts
 y - 7 boomerangs {throwing}
 E - 2 curare-tipped darts {=fthrowing}
 T - 60 arrows
 U - 17 sling bullets
Armour
 e - a +0 cloak (worn)
   (You took it off Maurice on level 8 of the Dungeon)
 f - a +0 plate armour (worn)
   (You took it off an orc warrior on level 7 of the Dungeon)
 i - a +0 kite shield
 j - a +0 buckler (worn)
   (You found it on level 2 of the Dungeon)
Jewellery
 a - a +4 ring of protection
   (You found it on level 4 of the Dungeon)
 h - a +6 ring of strength (left claw)
   (You found it on level 1 of the Dungeon)
 k - a ring of fire
   (You found it on level 2 of the Dungeon)
 l - an amulet of faith {!P}
   (You found it on level 1 of the Dungeon)
 s - a +6 ring of strength (right claw)
   (You found it on level 3 of the Dungeon)
 w - a ring of protection from cold
   (You found it on level 8 of the Dungeon)
Wands
 c - a wand of charming (8)
   (You took it off an orc warrior on level 7 of the Dungeon)
 g - a wand of iceblast (5)
   (You found it on level 7 of the Dungeon)
 z - a wand of flame (35)
   (You found it on level 4 of the Dungeon)
 V - a wand of polymorph (11)
   (You found it on level 6 of the Dungeon)
Scrolls
 d - a scroll of holy word {unknown}
 t - 2 scrolls of vulnerability {unknown}
 C - a scroll of immolation {unknown}
 I - 3 scrolls of teleportation {@r4}
 O - a scroll of enchant armour {unknown}
 X - 2 scrolls of identify {@r1}
 Z - a scroll of magic mapping {unknown}
Potions
 m - 2 potions of flight
 n - 3 potions of cancellation {unknown}
 A - a potion of degeneration {!q@e2}
 B - a potion of ambrosia {unknown}
 D - 4 potions of magic
 F - 2 potions of mutation {unknown}
 G - a potion of heal wounds {@q2}
 H - 4 potions of haste {@q3}
 M - 2 potions of invisibility
 P - 2 potions of lignification
 Q - a potion of curing {unknown}
 R - a potion of attraction {unknown}
 Y - a potion of berserk rage {unknown}

Dungeon Overview and Level Annotations

Branches:
Dungeon (9/15)             Temple (0/1) D:7           Sewer (visited)
   Lair: D:8-11         Orc: D:9-12

Altars:
Ashenzari
Cheibriados
Fedhas
Kikubaaqudgha
Makhleb
Nemelex Xobeh
Sif Muna
Uskayaw
Vehumet
Xom

Annotations:
D:8 Harold

#.....#
###.#.#.#
##.####
#...#...# #.#
######.#######
#.# #..†.#...#
### #.#
####.###.#
#####..
#.######.....#
#......
#........#####
#.....<
##.......#
#.....)
#.....@.#
#.....)
#....{p.#
#......
#.....###
#...)..
#.....##
#####..
#.....)# ###
######.## #..#
##### ##.#
#####...##
#.##
#.#.(....#


You could see a death knight.


Message History

Unknown command.
An iguana comes into view.
The iguana hisses angrily.
Danger!
The iguana barely misses you.
You mangle the iguana!!
You kill the iguana!
Makhleb accepts your kill.
No target in view!
You see here a +0 hand axe {axe}.
There is an open door here.
A killer bee zombie comes into view.
Danger!
The killer bee zombie hits you but does no damage.
The killer bee zombie hits you.
You scratch the killer bee zombie but do no damage.
The killer bee zombie hits you but does no damage.
The killer bee zombie barely misses you.
Your plate armour prevents you from hitting the killer bee zombie.
The killer bee zombie hits you but does no damage.
You mangle the killer bee zombie!!
The killer bee zombie barely misses you.
You claw the killer bee zombie!
You destroy the killer bee zombie!
Makhleb accepts your kill.
You feel better.
b - a +0 hunting sling (weapon)
{sling} You see here a +0 ring mail.
There is an open door here.
You see here a +0 robe.
K - a +0 morningstar of protection {mace}
There is an open door, spattered with blood here.
Things that are here:
a +0 plate armour; a +0 scimitar {long}; an orc skeleton Unknown command.
An orc wizard comes into view. It is wielding a +0 dire flail.
The orc wizard shouts!
The death knight shouts!
The death knight offers itself to Yredelemnul, and fills with unholy energy.
There is an open door here.
Danger!
There is an open door, spattered with blood here.
Things that are here:
a +0 plate armour; a +0 scimitar {long}; an orc skeleton You see here a +0 robe.
You see here a +0 robe.
There is an open door here.
You see here a +0 ring mail.
Danger!
You shoot a stone {throwing}.
The stone {throwing} hits the orc wizard but does no damage.
You shoot a stone {throwing}.
The stone {throwing} barely misses the orc wizard.
The orc wizard mumbles some strange words.
The orc wizard flickers and vanishes!
Deactivating autopickup; reactivate with Ctrl-A.
There is an open door here.
You are now empty-clawed.
Unknown command.
Unknown command.
Danger!
Unknown command.
Okay, then.
Okay, then.
Aiming: Iceblast
Press: ? - help, Shift-Dir - straight line, f - death knight
Aim: a death knight, wielding a +3 halberd, wearing a +0 chain mail and wearing a ring of willpower The mass of ice explodes!
The iceblast engulfs the death knight!
The iceblast engulfs something!
The death knight offers itself to Yredelemnul, and fills with unholy energy.
The death knight hits you from afar with a +3 halberd!!
You see here a +0 hand axe {axe}.
The death knight's dark mirror aura disappears.
The death knight hits you with a +3 halberd.
You barely miss the death knight.
The death knight hits you with a +3 halberd!
You claw the death knight! You scratch the death knight.
The death knight hits you with a +3 halberd!
* * * LOW HITPOINT WARNING * * *
Something hits you but does no damage.
Unknown command.
You claw the death knight!
The death knight hits you but does no damage.
You hear some strange, mumbled words.
A puff of flame appears from out of thin air!
The puff of flame hits you.
* * * LOW HITPOINT WARNING * * *
You mangle the death knight!! The death knight barely misses you.
You hear some strange, mumbled words.
Something tries to affect you, but you resist.
Unknown command.
You closely miss the death knight.
The death knight hits you with a +3 halberd!
* * * LOW HITPOINT WARNING * * *
You claw the death knight! Something hits you!
* * * LOW HITPOINT WARNING * * *
Unknown command.
You barely miss the death knight.
The death knight hits you with a +3 halberd!
You die...

Skill      XL: |  1  2  3  4  5  6  7  8  9 10 |
---------------+-------------------------------+-----
Unarmed Combat | 3 4 5 7 9 10 11 12 | 12.2
Shields        | 3 4 5 7 |  7.4
Armour         | 3 5 |  5.0
Dodging        | 2 4 5 |  5.0
Fighting       | 4 5 |  5.8
Invocations    | 2 |  2.5

Action                   |  1- 3 |  4- 6 |  7- 9 | 10-12 || total
-------------------------+-------+-------+-------+-------++-------
Melee: Unarmed           |    97 |    70 |   326 |   157 ||   650
 Fire: Hunting sling     |       |    41 |    77 |    16 ||   134
Throw: Stone             |       |       |     4 |       ||     4
Evoke: Wand              |       |       |     3 |     1 ||     4
  Use: Scroll            |       |       |    14 |     3 ||    17
       Potion            |       |       |       |     3 ||     3
Armor: Scale mail        |    50 |    19 |       |       ||    69
       Chain mail        |       |       |   138 |     4 ||   142
       Plate armour      |       |       |       |    55 ||    55
Dodge: Dodged            |    49 |    29 |   122 |    58 ||   258
Block: Buckler           |     9 |    10 |    59 |    25 ||   103

Levels and vault maps discovered:
D:1:      co_arrival_random_square_maze, layout_basic,
          shapermc_ecumenical_altar_pompeii, minmay_lizard_pond
D:2:      layout_loops_cross
D:3:      layout_rooms
D:4:      layout_loops_ring, gammafunk_temple_overflow_statue,
          minmay_close_crescents, uniq_menkaure, uniq_duvessa,
          uniq_blork_the_orc
D:5:      layout_basic, nicolae_uskayaw_suspiria, nemelex_altar_shiori,
          ashenzari_altar_1, cheibrodos_sewer_entry_drain, uniq_eustachio
D:6:      layout_loops_ring, grunt_temple_overflow_magic_moments,
          grunt_decor_junction, minmay_misc_feat_tower, minmay_strange_pillars,
          hangedman_abyss_or_decor_slice
D:7:      minmay_chambers_of_sevens, layout_basic, cheibriados_altar_1,
          minmay_temple_entry_proselytizer, minivault_14
D:8:      minmay_weird_star, layout_basic, uniq_prince_ribbit1, uniq_maurice,
          uniq_harold, uniq_pikel, uniq_grum
D:9:      layout_cave_pools, lemuel_round_altar, makhleb_altar_promises_db

Notes
Turn   | Place    | Note
-------+----------+-------------------------------------------
     0 | D:1      | Sobieck the Ghoul Fighter began the quest for the Orb.
     0 | D:1      | Reached XP level 1. HP: 19/19 MP: 0/0
   157 | D:1      | Reached skill level 3 in Unarmed Combat
   157 | D:1      | Reached XP level 2. HP: 26/26 MP: 1/1
   158 | D:1      | You add the spells Conjure Flame, Ignite Poison and Sticky
                  | Flame to your library.
   378 | D:1      | Reached XP level 3. HP: 28/31 MP: 2/2
   919 | D:1      | Found a faded altar of an unknown god.
   927 | D:1      | Became a worshipper of Makhleb the Destroyer
   927 | D:1      | Reached * piety under Makhleb
   941 | D:2      | Reached skill level 4 in Unarmed Combat
  1225 | D:2      | Reached XP level 4. HP: 32/38 MP: 3/3
  1234 | D:2      | Reached skill level 3 in Shields
  1691 | D:2      | Reached ** piety under Makhleb
  1878 | D:3      | Reached XP level 5. HP: 45/45 MP: 4/4
  1893 | D:3      | Noticed a water moccasin
  1906 | D:3      | Killed a water moccasin
  1907 | D:3      | Reached skill level 4 in Shields
  1907 | D:3      | Reached skill level 5 in Unarmed Combat
  1907 | D:3      | Reached XP level 6. HP: 44/51 MP: 5/5
  2230 | D:4      | Reached skill level 6 in Unarmed Combat
  2396 | D:4      | Reached skill level 7 in Unarmed Combat
  2438 | D:4      | Reached XP level 7. HP: 57/57 MP: 6/6
  2488 | D:4      | Noticed Dowan
  2490 | D:4      | Noticed Duvessa
  2574 | D:4      | Noticed Menkaure
  2592 | D:4      | Killed Menkaure
  2604 | D:4      | Reached skill level 8 in Unarmed Combat
  2877 | D:4      | Found a shimmering altar of Xom.
  2877 | D:4      | Found a blossoming altar of Fedhas.
  2917 | D:4      | Reached skill level 9 in Unarmed Combat
  2917 | D:4      | Reached XP level 8. HP: 63/63 MP: 7/7
  2973 | D:3      | Reached *** piety under Makhleb
  3045 | D:4      | Killed Duvessa
  3047 | D:4      | Killed Dowan
  3179 | D:4      | Identified a scroll of acquirement
  3179 | D:4      | Acquired the +0 pair of fencer's gloves {Riposte Dex+3}
  3180 | D:4      | Found the +0 pair of fencer's gloves {Riposte Dex+3}
  3269 | D:4      | Noticed Blork the orc
  3283 | D:4      | Killed Blork the orc
  3284 | D:4      | Reached skill level 10 in Unarmed Combat
  3513 | D:5      | Entered Level 5 of the Dungeon
  3552 | D:5      | Found a glowing drain.
  3587 | Sewer    | Entered a sewer
  3704 | Sewer    | Reached skill level 3 in Armour
  3704 | Sewer    | Reached skill level 1 in Dodging
  3762 | Sewer    | Reached **** piety under Makhleb
  4165 | D:5      | Reached skill level 4 in Fighting
  4237 | D:5      | Reached skill level 2 in Dodging
  4326 | D:5      | Found a broken altar of Ashenzari.
  4377 | D:5      | Found a hide-covered altar of Uskayaw.
  4396 | D:5      | Reached XP level 9. HP: 71/71 MP: 8/8
  4441 | D:5      | Identified the +9 dagger of the Silent Majority {freeze,
                  | Str+5}
  4455 | D:5      | Found a sparkling altar of Nemelex Xobeh.
  4491 | D:5      | Identified the +1 robe of the Valley {rC- Dex+5 Slay-4
                  | Archmagi}
  4597 | D:5      | Noticed Eustachio
  4621 | D:5      | Killed Eustachio
  4798 | D:5      | Reached skill level 4 in Armour
  4798 | D:5      | Reached skill level 5 in Shields
  4934 | D:6      | Found the +4 robe of Folly {Brilliance Will-∞ Int+8}
  5075 | D:6      | Reached skill level 5 in Fighting
  5125 | D:6      | Found a radiant altar of Vehumet.
  5128 | D:6      | Got Vehumet's Incunabulum of Arcane Weapons
  5130 | D:6      | Found an ancient bone altar of Kikubaaqudgha.
  5131 | D:6      | Found a shimmering blue altar of Sif Muna.
  5159 | D:6      | Reached skill level 3 in Dodging
  5187 | D:6      | Reached ***** piety under Makhleb
  5793 | D:7      | Found a staircase to the Ecumenical Temple.
  5897 | D:7      | Found a snail-covered altar of Cheibriados.
  5986 | D:7      | Reached skill level 11 in Unarmed Combat
  6014 | D:7      | Reached skill level 5 in Armour
  6014 | D:7      | Reached skill level 4 in Dodging
  6023 | D:7      | Reached XP level 10. HP: 78/81 MP: 9/9
  6206 | D:7      | Reached skill level 6 in Shields
  6540 | D:7      | Noticed a gargoyle
  6554 | D:7      | Killed an unseen horror
  6562 | D:7      | Reached skill level 5 in Dodging
  6569 | D:7      | Killed a gargoyle
  6634 | D:7      | Noticed a death knight
  6653 | D:7      | You fall into a shaft and drop 2 floors!
  6653 | D:9      | Noticed a kobold demonologist
  6657 | D:9      | Noticed a two-headed ogre
  6659 | D:9      | HP: 19/81 [kobold (2)]
  6675 | D:9      | HP: 15/81 [ufetubus[a kobold demonologist] (2)]
  6702 | D:8      | Reached skill level 7 in Shields
  6702 | D:8      | Reached skill level 12 in Unarmed Combat
  6706 | D:8      | Noticed Maurice
  6729 | D:8      | Reached skill level 1 in Invocations
  6760 | D:8      | Killed Maurice
  6868 | D:8      | Noticed Grum
  6874 | D:8      | Noticed Harold
  6880 | D:8      | Killed Grum
  6881 | D:8      | Reached skill level 2 in Invocations
  7149 | D:7      | HP: 20/83 [death knight (7)]
  7151 | D:7      | Slain by a death knight

Vanquished Creatures
  3 centaur zombies
  A gargoyle (D:7)
  Maurice (D:8)
  A troll (D:7)
  A hornet (D:7)
  2 wraiths (D:7)
  A steam dragon (D:8)
  Eustachio (D:5)
  Grum (D:8)
  2 water moccasins
  Menkaure (D:4)
  Duvessa (D:4)
  4 orc warriors
  An ice beast (D:5)
  3 sky beasts
  A necrophage (D:4)
  3 wolves (D:8)
  A centaur (D:6)
  An ogre (D:7)
  3 phantoms
  4 kobold brigands
  A wyvern zombie (D:8)
  Blork the orc (D:4)
  3 bullfrogs
  Dowan (D:4)
  5 scorpions
  A wight (D:7)
  An electric eel (D:7)
  2 howler monkeys
  A jelly (D:4)
  6 hounds
  4 orc priests
  2 iguanas
  A bullfrog skeleton (D:4)
  5 orc wizards
  2 killer bee zombies
  8 gnolls
  7 adders
  6 river rats (Sewer)
  A white imp (D:7)
  An ufetubus (D:5)
  5 worms
  3 dart slugs
  24 orcs
  12 ball pythons
  9 endoplasms
  4 giant cockroaches
  5 goblins
  8 hobgoblins
  10 jackals
  A quokka (D:1)
  6 bats
  13 frilled lizards
  24 kobolds
  19 rats
239 creatures vanquished.

Vanquished Creatures (others)
  An unseen horror (D:7)
1 creature vanquished.

Grand Total: 240 creatures vanquished

Table legend:
 A = Non-vault XP
 B = Vault XP
 C = Vault XP percentage of total XP
 D = Non-vault monster count
 E = Vault monster count
 F = Vault count percentage of total count
                 A         B        C        D         E       F
            +---------+---------+-------+---------+---------+-------
      Total |    4859 |    4106 |  45.8 |     150 |      90 |  37.5
            +---------+---------+-------+---------+---------+-------
        D:1 |      31 |      10 |  24.4 |      14 |      10 |  41.7
        D:2 |     121 |       0 |   0.0 |      30 |       0 |   0.0
        D:3 |     241 |       0 |   0.0 |      14 |       0 |   0.0
        D:4 |     677 |     570 |  45.7 |      23 |      11 |  32.4
        D:5 |     843 |     200 |  19.2 |      17 |       3 |  15.0
        D:6 |     822 |      41 |   4.8 |      20 |       1 |   4.8
        D:7 |    1239 |    1967 |  61.4 |      20 |      12 |  37.5
        D:8 |     884 |     986 |  52.7 |      11 |       5 |  31.2
        D:9 |       1 |       0 |   0.0 |       1 |       0 |   0.0
      Sewer |       0 |     332 | 100.0 |       0 |      48 | 100.0
            +---------+---------+-------+---------+---------+-------

Illustrated notes

Table legend:
 A = Kills in this place as a percentage of kills in entire the game.
 B = Kills by you in this place as a percentage of kills by you in the entire game.
 C = Kills by friends in this place as a percentage of kills by friends in the entire game.
 D = Other kills in this place as a percentage of other kills in the entire game.
 E = Experience gained in this place as a percentage of experience gained in the entire game.
 F = Experience gained in this place divided by the number of levels of this place that you have seen.
                   A       B       C       D       E      F
               +-------+-------+-------+-------+-------+----------------------
         Total | 100.0 | 100.0 |   N/A | 100.0 | 100.0 | 896.5
       Dungeon |  80.0 |  79.9 |   N/A | 100.0 |  96.3 | 959.2
         Sewer |  20.0 |  20.1 |   N/A |   0.0 |   3.7 | 332.0
               +-------+-------+-------+-------+-------+----------------------

Table legend: (Time is in decaauts)
 A = Elapsed time spent in this place.
 B = Non-inter-level travel time spent in this place.
 C = Inter-level travel time spent in this place.
 D = Time resting spent in this place.
 E = Time spent auto-exploring this place.
 F = Levels seen in this place.
 G = Mean time per level.
                   A        B        C        D        E       F      G
               +--------+--------+--------+--------+--------+-----+--------+
         Total |   7032 |   6852 |    180 |    688 |   4390 |  10 |  703.2 |
       Dungeon |   6498 |   6318 |    180 |    688 |   4083 |   9 |  722.0 |
         Sewer |    534 |    534 |      0 |      0 |    307 |   1 |  534.0 |
               +--------+--------+--------+--------+--------+-----+--------+

Top non-repeatable levels by time:
     D:4: 985 daAuts
     D:1: 931 daAuts
     D:7: 929 daAuts
     D:6: 905 daAuts
     D:2: 896 daAuts
     D:5: 816 daAuts
     D:3: 670 daAuts
   Sewer: 534 daAuts
     D:8: 327 daAuts
     D:9: 36 daAuts
